 Dungeon Crawl Stone Soup version 0.25-a0-774-g40ae2d4f90 (webtiles) character file.

Game seed: 7560013494493002423, levelgen mode: deterministic

4424 Maedhros the Covert (level 10, -1/96 HPs)
             Began as an Octopode Artificer on Apr 13, 2020.
             Was a High Priest of Cheibriados.
             Slain by a gnoll
             ... wielding a +0 spear of distortion
              (6 damage)
             ... on level 8 of the Dungeon.
             The game lasted 00:23:55 (4519 turns).

Maedhros the Covert (Octopode Artificer)            Turns: 4519, Time: 00:23:56

Health: -1/96      AC: 25    Str: 23    XL:     10   Next: 36%
Magic:  13/13      EV:  2    Int: 24    God:    Cheibriados [*****.]
Gold:   420        SH:  0    Dex: 27    Spells: 9/9 levels left

rFire    . . .     SeeInvis .     - Unarmed
rCold    . . .     Gourm    .   (no shield)
rNeg     + + +     Faith    .   (helmet currently unavailable)
rPois    +         Spirit   .   (no amulet)
rElec    .         Reflect  .   q - ring of resist corrosion
rCorr    +         Harm     .   (no ring)
MR       .....     NoTele   +   g - ring of resist corrosion
Stlth    +++++.....             (no ring)
HPRegen  0.26/turn              (no ring)
MPRegen  0.13/turn              (no ring)
                                (no ring)
                                (no ring)

@: brilliant, lethally poisoned (-1 -> -15), tree-form, very slightly
contaminated, very slow
A: almost no armour, stealthy swim, (amphibious), 8 rings, (constrict 8)
a: Bend Time, Temporal Distortion, Slouch, Step From Time, Renounce Religion


You were on level 8 of the Dungeon.
You worshipped Cheibriados.
Cheibriados was extremely pleased with you.
You were not hungry.
You were a tree.
You visited 2 branches of the dungeon, and saw 9 of its levels.

You collected 420 gold pieces.

Inventory:

Hand Weapons
 B - a +1 short sword of protection
Missiles
 r - 5 throwing nets (quivered)
 u - 7 javelins
Armour
 w - a +1 kite shield
 y - a +0 tower shield
Magical Staves
 b - an uncursed staff of cold
 i - an uncursed staff of wizardry
Jewellery
 g - a ring of resist corrosion (on tentacle)
 q - a ring of resist corrosion (left branch)
Scrolls
 e - 3 scrolls of blinking
 j - 3 scrolls of fog
 m - a scroll of immolation {unknown}
 n - 5 scrolls of remove curse
 s - 2 scrolls of enchant weapon
 t - 5 scrolls of teleportation
 x - a scroll of amnesia {unknown}
 z - 2 scrolls of random uselessness {unknown}
 C - a scroll of noise {unknown}
Potions
 o - a potion of brilliance
 p - 4 potions of flight
 A - a potion of degeneration
Comestibles
 f - 18 rations
 h - 3 chunks of flesh


   Skills:
 + Level 4.3 Fighting
 - Level 1.0 Short Blades
 + Level 4.6 Dodging
 - Level 10.0 Stealth
 + Level 4.0 Shields
 * Level 9.2 Unarmed Combat
 + Level 4.5 Invocations
 - Level 4.8 Evocations


You had 9 spell levels left.
You didn't know any spells.
Your spell library was empty.

Dungeon Overview and Level Annotations

Branches:
Dungeon (8/15)             Temple (1/1) D:4
   Lair: D:8-11

Altars:
Ashenzari
Cheibriados
Dithmenos
Elyvilon
Fedhas
Gozag
Hepliaklqana
Kikubaaqudgha
Makhleb
Nemelex Xobeh
Okawaru
Qazlal
Ru
Sif Muna
Trog
Uskayaw
Vehumet
Xom
Yredelemnul
Zin
The Shining One


Innate Abilities, Weirdness & Mutations

You cannot wear most types of armour.
You are very stealthy in the water. (Stealth+)
((You are amphibious.))
You can wear up to eight rings at the same time.
((You can use your tentacles to constrict eight enemies at once.))
((Your skin changes colour to match your surroundings (Stealth+).))
((Your rubbery body absorbs attacks. (AC +1, EV +1)))


Message History

You aren't carrying any items that you can evoke.
As you read the scroll labeled KEFOV NAVVA, it crumbles to dust.
You feel aware of your surroundings.
You sensed 2 altars.
It was a scroll of magic mapping.
* * * LOW HITPOINT WARNING * * *
You feel sick. The gnoll barely misses you.
The jackal bites you but does no damage.
As you read the scroll labeled VAUG ESKOE, it crumbles to dust.
It is a scroll of enchant armour.
Your kite shield glows green for a moment.
* * * LOW HITPOINT WARNING * * *
You feel sick.
The jackal bites you but does no damage.
The gnoll hits you but does no damage. Space warps horribly around you!
* * * LOW HITPOINT WARNING * * *
The jackal bites you but does no damage.
You feel clever all of a sudden.
* * * LOW HITPOINT WARNING * * *
You feel sick. The gnoll hits you but does no damage. Space bends around you.
You die...

*,,**,,,,,**,,* **,,
*,,*#..,,,*#..# **,,,
*,,*#..,,,*#..# *,,,,
*,,*#...,,*#..####*##*,,,,
*,.**...,,##..##.##.###***
*,..###.###......#..#.##*#
*,......g..............#.#
*,........................
*,......)♣†....#.<........
*,......h................#
**#############..........#
##.)).).....#
#.)..#)......
########..#####.....
#....)..)...........
#.#######.......##.. #.#
##.....##*,#


You could see a gnoll and a jackal.

Vanquished Creatures
  Prince Ribbit (D:5)
  A yak (D:7)
  Sigmund (D:3)
  A human (D:7)
  3 hogs (D:7)
  An orc warrior (D:8)
  An ice beast (D:7)
  2 sky beasts (D:5)
  A necrophage (D:5)
  2 phantoms (D:7)
  5 centaurs
  5 ogres
  A big kobold (D:8)
  3 gnoll sergeants
  3 bullfrogs
  A wyvern skeleton (D:7)
  3 wights (D:8)
  A howler monkey (D:6)
  2 bullfrog zombies
  5 crimson imps
  2 centaur zombies (D:6)
  7 hounds
  An orc priest (D:7)
  2 gnoll shamans (D:8)
  A bullfrog skeleton (D:6)
  Terence (D:3)
  3 iguanas
  An orc wizard (D:8)
  6 worker ants
  3 hound zombies (D:6)
  A hound skeleton (D:2)
  A worker ant zombie (D:6)
  7 adders
  15 gnolls (D:8)
  2 shadow imps
  4 oozes
  2 adder zombies (D:6)
  2 worms
  5 dart slugs
  3 leopard geckos
  23 orcs
  4 giant cockroaches
  9 goblins
  4 hobgoblins
  19 jackals
  9 kobolds
  7 quokkas
  A ball python (D:3)
  7 bats
  9 frilled lizards
  2 rats
206 creatures vanquished.

Vanquished Creatures (collateral kills)
  An orc priest (D:8)
  A shadow imp (D:7)
  An ooze (D:3)
  A leopard gecko (D:3)
  2 orcs
  A frilled lizard (D:3)
7 creatures vanquished.

Vanquished Creatures (others)
  A hound (D:5)
  An adder (D:3)
  A jackal (D:2)
3 creatures vanquished.

Grand Total: 216 creatures vanquished

Notes
Turn   | Place    | Note
-------+----------+-------------------------------------------
     0 | D:1      | Maedhros the Octopode Artificer began the quest for the
                  | Orb.
     0 | D:1      | Reached XP level 1. HP: 13/13 MP: 3/3
    55 | D:1      | Reached skill level 2 in Stealth
    59 | D:1      | Reached skill level 1 in Unarmed Combat
    59 | D:1      | Reached XP level 2. HP: 18/18 MP: 4/4
   124 | D:1      | Reached skill level 3 in Stealth
   129 | D:1      | Reached XP level 3. HP: 20/23 MP: 5/5
   313 | D:3      | Noticed Terence
   342 | D:3      | Reached XP level 4. HP: 12/28 MP: 6/6
   354 | D:3      | Killed Terence
   354 | D:3      | Reached skill level 4 in Stealth
   489 | D:4      | Found an iron altar of Okawaru.
   668 | D:4      | Reached XP level 5. HP: 19/33 MP: 7/7
   695 | D:4      | Found a shattered altar of Ashenzari.
  1040 | D:4      | Noticed an ogre
  1047 | D:4      | Killed an ogre
  1047 | D:4      | Reached skill level 5 in Stealth
  1176 | D:4      | Found a staircase to the Ecumenical Temple.
  1190 | Temple   | Entered the Ecumenical Temple
  1341 | Temple   | Became a worshipper of Cheibriados the Contemplative
  1461 | D:1      | Found a sparkling altar of Nemelex Xobeh.
  1563 | D:2      | Reached XP level 6. HP: 22/38 MP: 8/8
  1601 | D:2      | Reached skill level 6 in Stealth
  1671 | D:2      | Reached * piety under Cheibriados
  1981 | D:3      | Noticed Sigmund
  1990 | D:3      | Killed Sigmund
  1990 | D:3      | Reached skill level 7 in Stealth
  1990 | D:3      | Reached XP level 7. HP: 38/43 MP: 9/9
  2216 | D:5      | Entered Level 5 of the Dungeon
  2237 | D:5      | Reached skill level 5 in Unarmed Combat
  2242 | D:5      | Reached skill level 8 in Stealth
  2355 | D:5      | Noticed Prince Ribbit
  2361 | D:5      | Killed Prince Ribbit
  2361 | D:5      | Reached skill level 9 in Stealth
  2361 | D:5      | Reached XP level 8. HP: 36/48 MP: 10/10
  2399 | D:5      | Reached ** piety under Cheibriados
  2642 | D:5      | Reached skill level 10 in Stealth
  2824 | D:6      | Reached skill level 1 in Shields
  2824 | D:6      | Reached skill level 1 in Invocations
  2982 | D:6      | Reached *** piety under Cheibriados
  3084 | D:6      | Found a stormy altar of Qazlal.
  3122 | D:6      | Reached XP level 9. HP: 17/54 MP: 11/11
  3709 | D:7      | Found a bloodstained altar of Trog.
  3730 | D:7      | Reached **** piety under Cheibriados
  4024 | D:7      | Reached XP level 10. HP: 41/63 MP: 13/13
  4122 | D:7      | Found a shimmering blue altar of Sif Muna.
  4319 | D:8      | Found a blossoming altar of Fedhas.
  4487 | D:8      | Reached ***** piety under Cheibriados
  4519 | D:8      | Slain by a gnoll

Levels and vault maps discovered:
D:1:      psy_arrival_statuary, layout_basic, amethyst_killhole,
          nemelex_xobeh_ov_fountains_minmay
D:2:      layout_basic
D:3:      layout_rooms, minmay_checkerbox, uniq_sigmund, uniq_terence
D:4:      minmay_chambers_of_twos, layout_basic, kennysheep_okawaru_gauntlet,
          evilmike_ruin_ashenzari, minmay_temple_entry_butterflies,
          hangedman_decor_push, kennysheep_diamond, kennysheep_generic_room_14
D:5:      minmay_razor_zed, layout_loops_ring, first_ration, uniq_prince_ribbit1
D:6:      layout_gridville, kennysheep_mini_moat, serial_undead,
          serial_undead_f, serial_undead_f, serial_undead_c, serial_undead_f,
          nicolae_tso_swordbearing_angel
D:7:      minmay_inner_zag, layout_rooms, led_sif_pool, old_standard_altar,
          grunt_livestock, minmay_misc_feat_hallway, minmay_crystal_room,
          chequers_garden, kennysheep_generic_room_8
D:8:      layout_cave_pools, lemuel_crystal_altar, kennysheep_mini,
          serial_gnoll_camp, gnoll_camp_mini_hut, gnoll_camp_mini_hut,
          gnoll_camp_mini_basic, gnoll_camp_medium_02, gnoll_camp_mini_doghouse,
          david_defended_altar_elf
Temple:   dpeg_chambers_temple

Skill      XL: |  1  2  3  4  5  6  7  8  9 10 |
---------------+-------------------------------+-----
Stealth        | 2 3 4 5 7 9 10 | 10.0
Unarmed Combat | 1 2 3 4 6 7 8 9 |  9.2
Shields        | 1 3 4 |  4.0
Invocations    | 1 3 4 |  4.5
Fighting       | 2 3 4 |  4.3
Evocations     | 4 |  4.8
Dodging        | 4 |  4.6
Short Blades   | |  1.0

Action                   |  1- 3 |  4- 6 |  7- 9 | 10-12 || total
-------------------------+-------+-------+-------+-------++-------
Melee: Short sword       |    54 |    84 |   211 |       ||   349
       Constrict         |    19 |    25 |    46 |    24 ||   114
       Tentacles         |    12 |    12 |    54 |    28 ||   106
       Punch             |     2 |       |    22 |    10 ||    34
       Unarmed           |       |       |     9 |    72 ||    81
Invok: Slouch            |       |       |       |     1 ||     1
Evoke: Wand              |     5 |    18 |    23 |       ||    46
  Use: Scroll            |       |       |    10 |     4 ||    14
       Potion            |       |       |     7 |     4 ||    11
 Stab: Sleeping          |     2 |    11 |    23 |     1 ||    37
       Paralysed         |       |     7 |     6 |       ||    13
       Distracted        |       |       |     2 |     1 ||     3
       Betrayed ally     |       |       |     1 |       ||     1
       Invisible         |       |       |       |     7 ||     7
  Eat: Chunk             |       |     3 |     3 |     2 ||     8
Armor: Skin              |     1 |     8 |    46 |    18 ||    73
Dodge: Dodged            |    33 |    59 |   162 |    56 ||   310

Table legend:
 A = Non-vault XP
 B = Vault XP
 C = Vault XP percentage of total XP
 D = Non-vault monster count
 E = Vault monster count
 F = Vault count percentage of total count
                 A         B        C        D         E       F
            +---------+---------+-------+---------+---------+-------
      Total |    3416 |    2905 |  46.0 |     150 |      63 |  29.6
            +---------+---------+-------+---------+---------+-------
        D:1 |      67 |       0 |   0.0 |      30 |       0 |   0.0
        D:2 |      67 |       0 |   0.0 |      19 |       0 |   0.0
        D:3 |      88 |     234 |  72.7 |      12 |       6 |  33.3
        D:4 |      64 |     126 |  66.3 |       8 |       5 |  38.5
        D:5 |     753 |     364 |  32.6 |      17 |       7 |  29.2
        D:6 |     456 |     243 |  34.8 |      11 |      10 |  47.6
        D:7 |     873 |    1341 |  60.6 |      21 |      12 |  36.4
        D:8 |    1048 |     597 |  36.3 |      32 |      23 |  41.8
            +---------+---------+-------+---------+---------+-------
